 Dungeon Crawl Stone Soup version 0.29-a0-719-g0fec994a2d (webtiles) character file.

Game seed: 3298225168997800154

940 CrazyBamboolord the Skirmisher (level 8, -1/61 HPs)
             Began as a Barachi Hunter on June 27, 2022.
             Killed by divine providence
             ... invoked by an orc priest
              (17 damage)
             ... on level 5 of the Dungeon.
             The game lasted 00:08:41 (4677 turns).

CrazyBamboolord the Skirmisher (Barachi Hunter)     Turns: 4677, Time: 00:08:42

Health: -1/61      AC:  4    Str: 13      XL:     8   Next: 12%
Magic:  8/8        EV: 13    Int:  9      God:
Gold:   36         SH:  5    Dex: 16 (18) Spells: 7/7 levels left

rFire   . . .      SeeInvis .   a - +0 shortbow
rCold   . . .      Faith    .   (shield currently unavailable)
rNeg    . . .      Spirit   .   c - +0 leather armour
rPois   +          Reflect  +   (no helmet)
rElec   .          Harm     .   (no cloak)
rCorr   .          Rampage  .   (no gloves)
Will    +....                   A - +0 pair of boots
Stlth   ++........              r - amulet of reflection
HPRegen 0.20/turn               e - ring of willpower
MPRegen 0.11/turn               s - ring of poison resistance

@: slow
A: amphibious, slowness 1, strong legs 1, +LOS
a: Hop


You were on level 5 of the Dungeon.
You visited 1 branch of the dungeon, and saw 5 of its levels.

You collected 231 gold pieces.
You spent 195 gold pieces at shops.

Inventory:

Hand Weapons
 a - a +0 shortbow (weapon)
 b - a +3 dagger of protection
Missiles
 f - a throwing net
Armour
 c - a +0 leather armour (worn)
 A - a +0 pair of boots (worn)
Jewellery
 e - a ring of willpower (left hand)
 r - an amulet of reflection (around neck)
 s - a ring of poison resistance (right hand)
 u - a ring of flight
 v - a ring of willpower
 D - a ring of wizardry
Wands
 t - a wand of charming (6)
Scrolls
 h - 2 scrolls of enchant weapon {unknown}
 j - a scroll of enchant armour {unknown}
 l - a scroll of fog {unknown}
 m - a scroll of poison {unknown}
 n - a scroll of torment {unknown}
 p - 2 scrolls of identify {unknown}
 q - 2 scrolls of fear {unknown}
 x - 2 scrolls of immolation
 y - 2 scrolls of amnesia {unknown}
 B - a scroll of teleportation
 C - a scroll of brand weapon {unknown}
Potions
 d - 2 potions of haste
 g - a potion of magic {unknown}
 i - 4 potions of curing
 k - 4 potions of heal wounds
 o - 4 potions of brilliance {unknown}
 w - 2 potions of mutation {unknown}
 z - a potion of berserk rage {unknown}


   Skills:
 * Level 4.5 Fighting
 * Level 8.2 Ranged Weapons
 * Level 2.8 Armour
 * Level 4.3 Dodging
 + Level 1.3 Stealth
 + Level 0.1 Shields


You had 7 spell levels left.
You didn't know any spells.
Your spell library contained the following spells:

 Spells                   Type           Power      Damage    Failure   Level
 Blink                    Tloc           0%         N/A       61%         2
 Dazzling Flash           Conj/Hex       0%         N/A       83%         3
 Iskenderun's Mystic Bla  Conj/Tloc      0%         2d3       99%         4
 Manifold Assault         Tloc           0%         N/A       100%        5
 Summon Forest            Summ/Tloc      0%         N/A       100%        5
 Eringya's Noxious Bog    Tmut/Pois      0%         N/A       100%        6
 Starburst                Conj/Fire      0%         6d3       100%        6
 Storm Form               Tmut/Air       0%         N/A       100%        7
 Summon Hydra             Summ           0%         N/A       100%        7


Dungeon Overview and Level Annotations

Branches:
Dungeon (5/15)
 Temple: D:4-7

Altars:
Dithmenos
Fedhas
Qazlal
Wu Jian

Shops:
D:1 :   D:5 !

Annotations:
D:5 Eustachio


Innate Abilities, Weirdness & Mutations

You are amphibious.
You cover ground slowly.
You can hop short distances.
You have an extended range of vision and can be seen from far away.


Message History

The orc priest mumbles some strange prayers to Beogh against you.
Beogh smites you!
* * * LOW HITPOINT WARNING * * *
Eustachio mumbles some strange words.
The quokka bites you.
* * * LOW HITPOINT WARNING * * *
You hear a shout!
Fire: a) +0 shortbow
Press: ? - help, Q - select action, (/) - cycle Shift-Dir - straight line, f/p - orc priest
Aim: an orc priest, wielding a +0 club and wearing a +0 chain mail (moderately wounded, 72% to hit)
You shoot an arrow.
The arrow hits the orc priest but does no damage.
The orc priest is moderately wounded.
The quokka closely misses you.
Fire: a) +0 shortbow
Press: ? - help, Q - select action, (/) - cycle Shift-Dir - straight line, f/p - orc priest
Aim: an orc priest, wielding a +0 club and wearing a +0 chain mail (moderately wounded, 72% to hit)
You shoot an arrow.
The arrow hits the orc priest but does no damage.
The orc priest is moderately wounded.
The quokka closely misses you. The quokka bites you.
* * * LOW HITPOINT WARNING * * *
Fire: a) +0 shortbow
Press: ? - help, Q - select action, (/) - cycle Shift-Dir - straight line, f/p - orc priest
Aim: an orc priest, wielding a +0 club and wearing a +0 chain mail (moderately wounded, 72% to hit)
You shoot an arrow.
The arrow hits the orc priest but does no damage.
The orc priest is moderately wounded.
An orc comes into view. It is wielding a +0 short sword.
Eustachio casts a spell.
Eustachio blinks!
The quokka completely misses you.
Fire: a) +0 shortbow
Press: ? - help, Q - select action, (/) - cycle Shift-Dir - straight line, f/p - orc priest
Aim: an orc priest, wielding a +0 club and wearing a +0 chain mail (moderately wounded, 72% to hit)
You shoot an arrow.
The arrow hits the orc priest but does no damage.
The orc priest is moderately wounded.
The orc priest calls down the wrath of Beogh upon you.
Beogh smites you!
You die...

## ... ... ... .o. #o# #.# #.#
#.# #@# ###### ######### #r#
#...)# ........# #r# #.##.#
.######.# ###r# #.##.#######
>######.# ##.#.###..........#
.#...##.#####.#...§r....#####.#
.#.............@..##...## #.#
.#...##.######..>..##### #.#
........# ##...## #.#


You could see Eustachio, an orc priest, a river rat (summoned), an orc and 2
quokkas.

Vanquished Creatures
  An oklob plant (D:3)
  2 phantoms
  2 scorpions
  A hound (D:5)
  2 orc priests (D:4)
  An iguana (D:4)
  2 gnolls (D:4)
  5 adders
  3 worms
  3 dart slugs
  9 orcs
  7 ball pythons
  14 endoplasms
  3 giant cockroaches
  5 goblins
  4 hobgoblins
  15 kobolds
  9 quokkas
  2 bats
  7 frilled lizards
  5 rats
102 creatures vanquished.

Vanquished Creatures (others)
  4 fungi (D:3)
  8 plants (D:3)
12 creatures vanquished.

Grand Total: 114 creatures vanquished

Notes
Turn   | Place    | Note
-------+----------+-------------------------------------------
     0 | D:1      | CrazyBamboolord the Barachi Hunter began the quest for the
                  | Orb.
     0 | D:1      | Reached XP level 1. HP: 17/17 MP: 1/1
   161 | D:1      | Reached XP level 2. HP: 23/23 MP: 2/2
   203 | D:1      | Found Egox's Book Emporium.
   221 | D:1      | Found a faded altar of an unknown god.
   924 | D:2      | Reached XP level 3. HP: 28/28 MP: 3/3
  1568 | D:3      | Reached skill level 1 in Armour
  1576 | D:3      | Found a stormy altar of Qazlal.
  1587 | D:3      | Reached skill level 5 in Ranged Weapons
  1587 | D:3      | Reached XP level 4. HP: 33/34 MP: 4/4
  1986 | D:3      | Found a blossoming altar of Fedhas.
  2001 | D:3      | Noticed an oklob plant
  2153 | D:3      | Killed an oklob plant
  2154 | D:3      | Reached skill level 7 in Ranged Weapons
  2154 | D:3      | Reached XP level 5. HP: 42/42 MP: 5/5
  2154 | D:3      | Reached XP level 6. HP: 48/48 MP: 6/6
  2154 | D:3      | Reached XP level 7. HP: 54/54 MP: 7/7
  2288 | D:3      | Found an ornate altar of the Wu Jian Council.
  3717 | D:5      | Entered Level 5 of the Dungeon
  3890 | D:5      | Reached skill level 8 in Ranged Weapons
  4043 | D:5      | Found a shadowy altar of Dithmenos.
  4065 | D:5      | Reached XP level 8. HP: 43/61 MP: 8/8
  4364 | D:5      | Found Ilitic's Distillery.
  4367 | D:5      | Bought a potion of haste for 130 gold pieces
  4367 | D:5      | Bought a potion of heal wounds for 65 gold pieces
  4448 | D:5      | Reached skill level 1 in Stealth
  4569 | D:5      | Noticed Eustachio
  4677 | D:5      | Killed from afar by an orc priest

Illustrated notes

Levels and vault maps discovered:
D:1:      kilobyte_arrival_exit_the_forest, layout_loops_corners,
          ebering_ecumenical_altar_mist, serial_shops, nicolae_shop_crystal
D:2:      layout_rooms, kennysheep_generic_room_6
D:3:      layout_basic, marbit_many_paths, nicolae_qazlal_scattered_showers,
          tgw_fedhas
D:4:      layout_cave_pods, amethyst_killhole, minmay_misc_feat_encased,
          minmay_misc_feat_nine_boxes
D:5:      layout_loops_corners, grunt_dithmenos_shadows, serial_shops,
          nicolae_shop_statue_plus, kennysheep_mini_moat,
          chequers_serial_rivers_room_a, uniq_eustachio

Skill      XL: |  1  2  3  4  5  6  7  8 |
---------------+-------------------------+-----
Armour         | 1 2 |  2.8
Ranged Weapons | 5 7 8 |  8.2
Fighting       | 4 |  4.5
Dodging        | 3 4 |  4.3
Stealth        | 1 |  1.3
Shields        | |  0.1

Action                   |  1- 3 |  4- 6 |  7- 9 || total
-------------------------+-------+-------+-------++-------
Melee: Dagger            |       |       |    23 ||    23
       Shortbow          |       |       |     8 ||     8
       Punch             |       |       |     1 ||     1
 Fire: Shortbow          |   110 |    88 |   213 ||   411
 Abil: Hop               |       |       |     3 ||     3
  Use: Potion            |       |       |     3 ||     3
       Scroll            |       |       |     2 ||     2
Armor: Leather armour    |     5 |     3 |    24 ||    32
Dodge: Dodged            |    19 |     9 |   103 ||   131
Block: Other             |       |     3 |    30 ||    33
       Reflection        |       |     1 |       ||     1

Table legend: (Time is in decaauts)
 A = Elapsed time spent in this place.
 B = Non-inter-level travel time spent in this place.
 C = Inter-level travel time spent in this place.
 D = Time resting spent in this place.
 E = Time spent auto-exploring this place.
 F = Levels seen in this place.
 G = Mean time per level.
                   A        B        C        D        E       F      G
               +--------+--------+--------+--------+--------+-----+--------+
         Total |   5429 |   5113 |    316 |    387 |   3740 |   5 | 1085.8 |
       Dungeon |   5429 |   5113 |    316 |    387 |   3740 |   5 | 1085.8 |
               +--------+--------+--------+--------+--------+-----+--------+

Top non-repeatable levels by time:
     D:4: 1361 daAuts
     D:3: 1161 daAuts
     D:1: 1104 daAuts
     D:5: 1057 daAuts
     D:2: 743 daAuts
